 Dungeon Crawl Stone Soup version 0.31-a0-460-g9e667d4245 (webtiles) character file.

Game seed: 8535745137288403774

532 horus123 the Magician (level 7, -4/36 HPs)
             Began as a Deep Elf Earth Elementalist on Aug 4, 2023.
             Was a Believer of Makhleb.
             Slain by Duvessa
             ... wielding a +4 short sword of electrocution
              (21 damage)
             ... on level 5 of the Dungeon.
             The game lasted 00:06:13 (3750 turns).

horus123 the Magician (Deep Elf Earth Elementalist) Turns: 3750, Time: 00:06:14

Health: -4/36      AC:  8    Str: 11    XL:     7   Next: 4%
Magic:  3/19       EV: 12    Int: 22    God:    Makhleb [**....]
Gold:   174        SH:  0    Dex: 15    Spells: 12/20 levels left

rFire   . . .        g - +1 dagger of the Vase {elec, rN++}
rCold   . . .        (no shield)
rNeg    + + .        a - +0 robe
rPois   .            e - +2 hat
rElec   .            h - +0 cloak
rCorr   .            (no gloves)
SInv    .            t - +2 pair of boots
Will    .....        (no amulet)
Stlth   ++           q - +6 ring of strength
HPRegen 0.26/turn    (no ring)
MPRegen 0.16/turn

%: no passive effects
@: no status effects
A: no striking features
a: Renounce Religion, Minor Destruction


You were on level 5 of the Dungeon.
You worshipped Makhleb.
Makhleb was pleased with you.
You visited 1 branch of the dungeon, and saw 5 of its levels.

You collected 174 gold pieces.

Inventory:

Hand Weapons
 g - the +1 dagger of the Vase (weapon) {elec, rN++}
   (You found it on level 2 of the Dungeon)

   rN:        It greatly protects you from negative energy.
Armour
 a - a +0 robe (worn)
 e - a +2 hat (worn)
 h - a +0 cloak (worn)
 t - a +2 pair of boots (worn)
Jewellery
 q - a +6 ring of strength (left hand)
Wands
 o - a wand of roots (14)
Scrolls
 c - 3 scrolls of enchant weapon {unknown}
 d - 8 scrolls of identify {unknown}
 i - 6 scrolls of teleportation {unknown}
 l - 3 scrolls of vulnerability {unknown}
 n - a scroll of amnesia {unknown}
 p - a scroll of blinking {unknown}
 s - 2 scrolls of fear {unknown}
Potions
 b - a potion of magic
 f - 2 potions of attraction {unknown}
 j - a potion of degeneration {unknown}
 k - a potion of lignification {unknown}
 m - 4 potions of curing {unknown}
 r - a potion of heal wounds {unknown}
 u - a potion of resistance {unknown}


   Skills:
 - Level 2.4 Dodging
 - Level 2.4 Stealth
 - Level 7.0 Spellcasting
 - Level 3.4 Conjurations
 - Level 1.1 Transmutations
 - Level 3.2 Earth Magic
 + Level 4.7 Invocations


You had 12 spell levels left.
You knew the following spells:

 Your Spells              Type           Power      Damage    Failure   Level
a - Sandblast             Erth           44%        2d11      2%          1
b - Stone Arrow           Conj/Erth      44%        3d9       6%          3
c - Petrify               Tmut/Erth      17%        N/A       32%         4

Your spell library contained the following spells:

 Spells                   Type           Power      Damage    Failure   Level
 Passwall                 Tmut/Erth      14%        N/A       4%          2
 Gell's Gravitas          Tloc           7%         N/A       24%         3
 Teleport Other           Tloc           7%         N/A       24%         3
 Dispersal                Tloc           3%         N/A       100%        6


Dungeon Overview and Level Annotations

Branches:
Dungeon (5/15)             Temple (0/1) D:5

Altars:
Makhleb

Annotations:
D:5 Duvessa


Message History

Confirm with . or Enter, or press ? or * to list all spells.
You don't know that spell.
Unknown command.
Casting: Stone Arrow (dangerous; 6% risk of failure)
Confirm with . or Enter, or press ? or * to list all spells.
Aiming: Stone Arrow (dangerous; 6% risk of failure)
Press: ? - help, Shift-Dir - straight line, f/p - Dowan
Aim: Dowan, wielding a +0 dagger and wearing a +0 robe (severely wounded, 60% to hit)
The stone arrow hits Dowan!
You kill Dowan!
Makhleb accepts your kill.
Duvessa weeps, and shakes her weapon.
Duvessa goes berserk!
You have reached level 7!
Unknown command.
Casting: Stone Arrow (dangerous; 6% risk of failure)
Confirm with . or Enter, or press ? or * to list all spells.
Aiming: Stone Arrow (dangerous; 6% risk of failure)
Press: ? - help, Shift-Dir - straight line, f - Duvessa
Aim: Duvessa, wielding a +4 short sword of electrocution and wearing a +0 chain mail (berserk, 83% to hit)
The stone arrow hits Duvessa!
Duvessa is lightly wounded.
Casting: Stone Arrow (dangerous; 6% risk of failure)
Confirm with . or Enter, or press ? or * to list all spells.
Aiming: Stone Arrow (dangerous; 6% risk of failure)
Press: ? - help, Shift-Dir - straight line, f/p - Duvessa
Aim: Duvessa, wielding a +4 short sword of electrocution and wearing a +0 chain mail (lightly wounded, berserk, 83% to hit)
The stone arrow hits Duvessa.
Duvessa is moderately wounded.
Duvessa barely misses you.
Aiming: Sandblast (safe; 2% risk of failure)
Press: ? - help, Q - select action, (/) - cycle Shift-Dir - straight line, f/p - Duvessa
Aim: Duvessa, wielding a +4 short sword of electrocution and wearing a +0 chain mail (moderately wounded, berserk, 90% to hit)
The blast of sand hits Duvessa.
Duvessa is moderately wounded.
Duvessa hits you with a +4 short sword of electrocution!!
Ouch! That really hurt!
Duvessa hits you with a +4 short sword of electrocution!!
Ouch! That really hurt!
You die...

#####.#.........>...........
#.########.............. #.#
#.............. #.#
#........###### #.#
#(.............
#.########..............
#.......##..............
#######.##..............
#@##..............
#e##........#.....
#)#########.......
#.........# #.#.....
#.........# #.#.....
#.........# #.#...##
#.......... #.#...#
#[........## #.#...#
#.........# ..#...#


You could see Duvessa (berserk).

Vanquished Creatures
  A centaur (D:5)
  A scorpion (D:4)
  Dowan (D:5)
  A howler monkey (D:5)
  A jelly (D:5)
  A hound (D:5)
  An orc priest (D:4)
  A sleepcap (D:5)
  An iguana (D:3)
  5 adders
  A white imp (D:5)
  An ufetubus (D:5)
  A worm (D:2)
  3 dart slugs (D:1)
  8 orcs
  7 ball pythons
  7 endoplasms
  A giant cockroach (D:1)
  5 goblins
  13 hobgoblins
  8 jackals
  3 kobolds
  4 quokkas
  3 bats
  6 frilled lizards
  7 rats
92 creatures vanquished.

Notes
Turn   | Place    | Note
-------+----------+-------------------------------------------
     0 | D:1      | horus123 the Deep Elf Earth Elementalist began the quest
                  | for the Orb.
     0 | D:1      | Reached XP level 1. HP: 10/10 MP: 6/6
   159 | D:1      | Reached skill level 4 in Spellcasting
   159 | D:1      | Reached XP level 2. HP: 12/15 MP: 6/9
   650 | D:1      | Reached skill level 5 in Spellcasting
   650 | D:1      | Reached XP level 3. HP: 19/19 MP: 8/11
   919 | D:2      | Identified the +1 dagger of the Vase {elec, rN++}
  1023 | D:2      | Reached XP level 4. HP: 24/24 MP: 9/13
  1087 | D:2      | Reached skill level 6 in Spellcasting
  1246 | D:2      | Found a faded altar of an unknown god.
  1408 | D:2      | Prayed at the altar of an unknown god.
  1408 | D:2      | Became a worshipper of Makhleb the Destroyer
  1408 | D:2      | Reached * piety under Makhleb
  1968 | D:3      | Learned a level 3 spell: Stone Arrow
  2131 | D:3      | Reached skill level 7 in Spellcasting
  2162 | D:3      | Learned a level 4 spell: Petrify
  2298 | D:3      | Reached XP level 5. HP: 28/28 MP: 14/16
  2626 | D:4      | Reached skill level 1 in Conjurations
  2992 | D:4      | Reached ** piety under Makhleb
  3270 | D:5      | Entered Level 5 of the Dungeon
  3279 | D:5      | Reached skill level 1 in Invocations
  3279 | D:5      | Reached XP level 6. HP: 26/32 MP: 13/18
  3485 | D:5      | Found a staircase to the Ecumenical Temple.
  3742 | D:5      | Noticed Duvessa
  3742 | D:5      | Noticed Dowan
  3747 | D:5      | Killed Dowan
  3748 | D:5      | Reached XP level 7. HP: 36/36 MP: 9/19
  3750 | D:5      | Slain by Duvessa

Illustrated notes

Levels and vault maps discovered:
D:1:      tarquinn_simple_flora_water_e, layout_basic, grunt_decor_cap
D:2:      cheibrodos_helix_gallery, layout_loops_ring,
          hellmonk_ecumenical_altar_dog_temple, wad_floor_pattern_1,
          solitary_fountain
D:3:      minmay_general_purpose_star, layout_basic, lemuel_flame_loot_1
D:4:      layout_rooms, serial_corexii_hall, chequers_hall_statues_y,
          corexii_hall_statues_l, corexii_hall_statues_u, corexii_hall_statues_x
D:5:      layout_basic, minmay_temple_entry_ruins, nicolae_take_the_stairs,
          uniq_duvessa, uniq_edmund

Skill      XL: |  1  2  3  4  5  6 |
---------------+-------------------+-----
Spellcasting   | 4 5 7 |  7.0
Conjurations   | 3 |  3.4
Invocations    | 1 4 |  4.7
Dodging        | |  2.4
Stealth        | |  2.4
Transmutations | |  1.1
Earth Magic    | |  3.2

Action                     |  1- 3 |  4- 6 |  7- 9 || total
---------------------------+-------+-------+-------++-------
  Melee: Dagger            |       |     1 |       ||     1
   Cast: Sandblast         |    51 |    91 |     1 ||   143
         Stone Arrow       |       |     2 |     2 ||     4
 Armour: Robe              |     4 |    11 |       ||    15
  Dodge: Dodged            |    11 |    27 |     1 ||    39

Table legend: (Time is in decaauts)
 A = Elapsed time spent in this place.
 B = Non-inter-level travel time spent in this place.
 C = Inter-level travel time spent in this place.
 D = Time resting spent in this place.
 E = Time spent auto-exploring this place.
 F = Levels seen in this place.
 G = Mean time per level.
                   A        B        C        D        E       F      G
               +--------+--------+--------+--------+--------+-----+--------+
         Total |   3821 |   3732 |     89 |    244 |   2879 |   5 |  764.2 |
       Dungeon |   3821 |   3732 |     89 |    244 |   2879 |   5 |  764.2 |
               +--------+--------+--------+--------+--------+-----+--------+

Top non-repeatable levels by time:
     D:3: 935 daAuts
     D:2: 910 daAuts
     D:1: 815 daAuts
     D:4: 664 daAuts
     D:5: 494 daAuts
